 Dungeon Crawl Stone Soup version 0.24.0-123-gd5b16e6ec5 (webtiles) character file.

Game seed: 12681950679718890244, levelgen mode: deterministic

147001 Ponchio the Eclecticist (level 16, -54/94 HPs)
             Began as a Deep Elf Earth Elementalist on Feb 5, 2020.
             Was a High Priest of Vehumet.
             Killed from afar by a deep elf knight (57 damage)
             ... with a shard of ice
             ... on level 2 of the Elven Halls.
             The game lasted 02:41:01 (31326 turns).

Ponchio the Eclecticist (DEEE)                     Turns: 31326, Time: 02:41:02

Health: -54/94     AC: 11    Str:  5    XL:     16   Next: 90%
Magic:  41/49      EV: 20    Int: 30    God:    Vehumet [*****.]
Gold:   2030       SH:  0    Dex: 18    Spells: 18/51 levels left

rFire    + + .     SeeInvis .   y - +4 dagger (protect)
rCold    x . .     Gourm    .   (no shield)
rNeg     + + .     Faith    .   U - +2 leather armour of Kocour {*Drain rN++ Stlth+}
rPois    +         Spirit   .   Z - +2 hat {MR+}
rElec    .         Reflect  .   I - scarf {cloud immunity}
rCorr    .         Harm     +   f - +2 pair of gloves
MR       +++..                  (no boots)
Stlth    +++.......             c - amulet of harm
HPRegen  0.25/turn              x - ring of the Special Stories {Fire rPois Int+2 Dex+3}
MPRegen  0.31/turn              H - ring of magical power

@: very slightly contaminated
A: fire resistance 1, magic resistance 1
a: Renounce Religion


You were on level 2 of the Elven Halls.
You worshipped Vehumet.
Vehumet was extremely pleased with you.
You were hungry.

You visited 5 branches of the dungeon, and saw 26 of its levels.
You also visited: Ossuary and Bailey.

You collected 3154 gold pieces.
You spent 1124 gold pieces at shops.

Inventory:

Hand Weapons
 y - a +4 dagger of protection (weapon)
Missiles
 g - 433 stones (quivered)
Armour
 f - a +2 pair of gloves (worn)
 h - a +2 robe of magic resistance
 I - a scarf of cloud immunity (worn)
 U - the +2 leather armour of Kocour (worn) {*Drain rN++ Stlth+}
   (You found it on level 1 of the Lair of Beasts)

   It greatly protects you from negative energy.
   It causes draining when unequipped.
   It makes you more stealthy.
 X - a +2 robe of cold resistance
 Y - the +0 helmet "Zualoi" {rPois Regen+}
   (You found it on level 6 of the Lair of Beasts)

   It protects you from poison.
   It increases your rate of regeneration.
 Z - a +2 hat of magic resistance (worn)
Jewellery
 c - an amulet of harm (around neck)
 m - an uncursed ring of see invisible
 x - the ring of the Special Stories (left hand) {Fire rPois Int+2 Dex+3}
   (You found it on level 6 of the Lair of Beasts)

   [ring of fire]

   It enhances your fire magic.
   It affects your intelligence (+2).
   It affects your dexterity (+3).
   It protects you from fire.
   It makes you vulnerable to cold.
   It protects you from poison.
 B - an uncursed ring of flight
 E - an uncursed amulet of rage {unknown}
 H - a ring of magical power (right hand)
 O - a +4 amulet of reflection
 Q - an uncursed ring of resist corrosion
Wands
 e - a wand of disintegration (28)
 k - a wand of polymorph (8)
 r - a wand of enslavement (7)
 F - a wand of acid (14)
 L - a wand of digging (4)
 M - a wand of paralysis (8)
 N - a wand of scattershot (15)
 P - a wand of iceblast (64)
Scrolls
 i - 14 scrolls of remove curse
 p - 3 scrolls of teleportation
 s - 2 scrolls of blinking
 v - 4 scrolls of amnesia
 A - 4 scrolls of fear
 J - 2 scrolls of magic mapping
 K - 6 scrolls of enchant armour
 R - 2 scrolls of fog
 S - 9 scrolls of identify
 T - 5 scrolls of enchant weapon
Potions
 a - 4 potions of berserk rage
 b - 4 potions of agility
 j - a potion of invisibility
 l - 7 potions of lignification
 n - 4 potions of heal wounds
 o - 7 potions of might
 q - 2 potions of resistance
 t - 2 potions of brilliance
 u - 7 potions of mutation
 w - 6 potions of haste
 z - 4 potions of ambrosia
 C - 13 potions of curing
 D - 3 potions of flight
 G - 3 potions of magic
Comestibles
 d - 27 rations


   Skills:
 * Level 8.7 Fighting
 - Level 6.5 Armour
 - Level 12.2 Dodging
 - Level 2.4 Stealth
 + Level 18.4 Spellcasting
 + Level 9.7 Conjurations
 - Level 4.1 Transmutations
 - Level 7.3 Fire Magic
 + Level 15.0 Earth Magic
 - Level 12.1 Poison Magic


You had 18 spell levels left.
You knew the following spells:

 Your Spells              Type           Power        Failure   Level  Hunger
a - Sandblast             Erth           ######       0%          1    None
b - Passwall              Tmut/Erth      ######..     1%          2    None
c - Stone Arrow           Conj/Erth      ######       1%          3    None
d - Petrify               Tmut/Erth      ######..     1%          4    None
e - Lee's Rapid Deconstr  Erth           #######...   1%          5    None
f - Olgreb's Toxic Radia  Pois           #######.     1%          4    None
g - Ignite Poison         Fire/Tmut/Pois #######.     1%          3    None
h - Iron Shot             Conj/Erth      #######...   1%          6    None
i - Alistair's Intoxicat  Tmut/Pois      ######..     2%          5    None

Your spell library contained the following spells:

 Spells                   Type           Power        Failure   Level  Hunger
 Bolt of Cold             Conj/Ice       ######....   12%         6    None
 Poisonous Vapours        Pois/Air       ######       1%          2    None
 Conjure Flame            Conj/Fire      #######.     1%          3    None
 Dazzling Spray           Conj/Hex       ######       1%          3    None
 Mephitic Cloud           Conj/Pois/Air  ######..     1%          3    None
 Spider Form              Tmut/Pois      ######....   1%          3    None
 Bolt of Magma            Conj/Fire/Erth #######...   1%          5    None
 Irradiate                Conj/Tmut      ######....   1%          5    None
 Venom Bolt               Conj/Pois      #######...   1%          5    None
 Animate Skeleton         Necr           N/A          2%          1    None
 Corona                   Hex            ####...      2%          1    None
 Pain                     Necr           ####         2%          1    None
 Borgnjor's Vile Clutch   Necr/Erth      ######....   2%          5    None
 Iskenderun's Battlesphe  Conj/Chrm      ######..     2%          5    None
 Ensorcelled Hibernation  Hex/Ice        ####..       3%          2    None
 Sublimation of Blood     Necr           ####......   3%          2    None
 Confuse                  Hex            ####....     7%          3    None
 Recall                   Summ/Tloc      N/A          7%          3    None
 Regeneration             Chrm/Necr      ####......   7%          3    None
 Tukima's Dance           Hex            ####....     7%          3    None
 Vampiric Draining        Necr           ####......   7%          3    None
 Yara's Violent Unravell  Hex/Tmut       #####.....   7%          5    None
 Orb of Destruction       Conj           ######....   10%         7    ####...
 Animate Dead             Necr           N/A          22%         4    None
 Cause Fear               Hex            ####......   22%         4    None
 Freezing Cloud           Conj/Ice/Air   #####.....   22%         6    None
 Spellforged Servitor     Conj/Summ      ######....   50%         7    ####...
 Silence                  Hex/Air        ####......   52%         5    None
 Death Channel            Necr           ####......   98%         6    None
 Deflect Missiles         Chrm/Air       ####......   98%         6    None
 Simulacrum               Ice/Necr       ####......   98%         6    None
 Ring of Flames           Chrm/Fire      ######....   99%         7    ####...
 Discord                  Hex            ####......   100%        8    #####..


Dungeon Overview and Level Annotations

Branches:
Dungeon (15/15)            Temple (1/1) D:5            Lair (6/6) D:11
  Swamp (0/4) Lair:4        Snake (0/4) Lair:4        Slime (0/5) Lair:6
    Orc (2/2) D:11            Elf (2/3) Orc:2        Vaults (0/5) D:13
 Depths (0/5) D:15        Ossuary (visited)          Bailey (visited)

Altars:
Ashenzari
Cheibriados
Dithmenos
Elyvilon
Fedhas
Gozag
Hepliaklqana
Kikubaaqudgha
Makhleb
Nemelex Xobeh
Okawaru
Qazlal
Ru
Sif Muna
Trog
Uskayaw
Vehumet
Wu Jian
Xom
Yredelemnul
Zin
The Shining One
Beogh
Jiyva

Shops:
D:4 [   D:7 ?*   D:10 !   Orc:2 }:=:

Portals:
Trove: D:10 (give 6 scrolls of blinking)


Innate Abilities, Weirdness & Mutations

Your flesh is heat resistant. (rF+)
You are resistant to hostile enchantments. (MR+)


Message History

The stone arrow hits the +1 halberd of chopping but does no damage.
The +1 halberd of chopping is almost destroyed.
The deep elf knight gestures at you while chanting.
The shard of ice hits you!!!
You feel a painful chill!
The deep elf knight points at you and mumbles some strange words.
The shard of ice hits you!!
You feel a painful chill!
* * * LOW HITPOINT WARNING * * *
The +1 halberd of chopping hits you but does no damage.
Okay, then.
Blink to where?
Press: ? - help, Dir - move target cursor, p - +1 halberd of chopping You are very lightly contaminated with residual magic.
As you read the scroll of blinking, it crumbles to dust.
The deep elf knight gestures wildly while chanting.
The deep elf knight flickers and vanishes!
Deactivating autopickup; reactivate with Ctrl-A.
A shard of ice appears from out of thin air!
The shard of ice hits you!!!
You feel a painful chill!
Ouch! That really hurt!
You die...

...# #.#.'.....'.#.# ####
#...#.(...#...# #.#.###(###.#.#
#...#..)..#...# #.#.#.....#.#.#
#...#....)#...# ######'')###### ##
### ### #####..)##### #
.####.####.####.@.)'#))...## .##
..##...##...##.....###)....##...#
ยง................................
..........#.........^.........#.
.........###.................##
........## ##...............##
.........###.................#
..........#...................#
................................


There were no monsters in sight!

Vanquished Creatures
  Saint Roka (Orc:2)
  Rupert (D:12)
  Kirke (D:12)
  Gastronok (Lair:2)
  An ironheart preserver (D:13)
  A deep elf annihilator (Elf:1)
  Azrael (Orc:2)
  5 dire elephants (Lair:6)
  2 deep elf death magi (Elf:1)
  Josephine (Orc:2)
  A fire dragon (D:15)
  Fannar (Lair:2)
  5 hydras
  2 ice dragons (D:15)
  A centaur warrior (D:13)
  The ghost of Thargor the Thaumaturge, a journeyman GnFE of Ashenzari (D:10)
  An anaconda (Lair:6)
  9 two-headed ogres
  A catoblepas (Lair:6)
  13 dancing weapons
  An ogre mage (D:15)
  Sonja (Lair:2)
  4 skeletal warriors
  9 deep elf knights
  An unseen horror (D:14)
  8 deep elf archers (Elf:1)
  13 orc knights (Orc:2)
  An ugly thing (D:12)
  3 orc sorcerers
  32 deep elf magi
  2 cyclopes
  2 manticores
  13 elephants
  Psyche (D:9)
  2 gargoyles
  11 spiny frogs
  A rime drake (Lair:6)
  2 kobold demonologists
  An efreet (D:14)
  5 komodo dragons
  A hornet (D:14)
  A hornet (shapeshifter) (Elf:2)
  A polar bear (shapeshifter) (Elf:1)
  7 trolls
  A polar bear (Lair:6)
  Prince Ribbit (Lair:2)
  12 blink frogs
  8 hippogriffs
  7 air elementals
  3 shadows
  2 water elementals (Elf:2)
  43 yaks
  9 wraiths
  6 hogs
  3 basilisks
  4 humans (D:10)
  5 wyverns
  4 fire elementals
  6 hungry ghosts
  6 vampire mosquitoes
  7 wargs
  The ghost of Xerdoz the Insei, an amateur OpTm (D:3)
  The ghost of Xerdoz the Insei, an amateur OpTm (D:3)
  An acid dragon (D:15)
  9 water moccasins
  The ghost of rumpelstilzz the Stinger, an amateur OpVM (D:2)
  3 hell hounds (Orc:2)
  12 porcupines
  40 orc warriors
  2 ice beasts
  5 black bears
  4 sky beasts
  A necrophage (D:7)
  14 ogres
  2 eyes of draining
  2 phantoms
  4 boggarts (Lair:6)
  7 wolves (Lair:6)
  9 centaurs
  12 crocodiles
  9 big kobolds
  3 elf zombies (Ossuary)
  19 bullfrogs
  A wyvern zombie (D:11)
  An earth elemental (Elf:2)
  7 scorpions
  11 wights
  10 killer bees
  5 electric eels
  2 howler monkeys
  4 centaur zombies
  6 crimson imps
  A quasit (D:12)
  2 jellies (D:5)
  A bullfrog zombie (D:8)
  19 orc priests
  11 hounds
  3 iguanas
  5 centaur skeletons
  5 bullfrog skeletons
  Terence (D:3)
  30 orc wizards
  7 worker ants
  2 big kobold zombies (Ossuary)
  A hound zombie (D:6)
  2 mummies (Ossuary)
  A worker ant zombie (D:7)
  28 gnolls
  20 adders
  4 shadow imps
  4 oozes
  2 adder zombies (D:5)
  An adder skeleton (D:9)
  2 worms (D:2)
  8 dart slugs
  A leopard gecko (D:7)
  122 orcs
  3 bats
  10 giant cockroaches
  7 goblins
  13 hobgoblins
  9 jackals
  6 quokkas
  A ball python (D:6)
  6 frilled lizards
  A goblin zombie (D:8)
  6 hobgoblin zombies (Ossuary)
  2 jackal zombies (Ossuary)
  35 kobolds
  10 kobold zombies (Ossuary)
  A leopard gecko skeleton (D:4)
  10 orc zombies (Ossuary)
  A quokka skeleton (D:9)
  7 rats
  3 rat zombies
  A plant (Lair:6)
923 creatures vanquished.

Vanquished Creatures (others)
  16 fungi
  8 plants
  3 withered plants (D:3)
27 creatures vanquished.

Grand Total: 950 creatures vanquished

Notes
Turn   | Place    | Note
-------+----------+-------------------------------------------
     0 | D:1      | Ponchio the Deep Elf Earth Elementalist began the quest for
                  | the Orb.
     0 | D:1      | Reached XP level 1. HP: 10/10 MP: 6/6
   117 | D:1      | Reached XP level 2. HP: 11/15 MP: 4/8
   934 | D:2      | Reached XP level 3. HP: 19/19 MP: 8/10
  1345 | D:2      | Learned a level 2 spell: Passwall
  1349 | D:2      | Learned a level 3 spell: Stone Arrow
  1467 | D:2      | Reached skill level 4 in Spellcasting
  1616 | D:1      | Reached XP level 4. HP: 17/24 MP: 0/12
  1918 | D:3      | Found a runed translucent gate.
  1918 | D:3      | Found a runed translucent gate.
  1918 | D:3      | Found a runed translucent gate.
  1918 | D:3      | Noticed Xerdoz's ghost (amateur OpTm)
  1918 | D:3      | Noticed Xerdoz's ghost (amateur OpTm)
  1919 | D:3      | Reached skill level 5 in Earth Magic
  1919 | D:3      | Noticed rumpelstilzz's ghost (amateur OpVM)
  2166 | D:3      | Learned a level 4 spell: Petrify
  2213 | D:3      | Noticed Terence
  2219 | D:3      | Killed Terence
  2658 | D:2      | Killed rumpelstilzz's ghost
  2658 | D:2      | Reached skill level 5 in Spellcasting
  2658 | D:2      | Reached XP level 5. HP: 19/28 MP: 10/14
  2773 | D:3      | Killed Xerdoz's ghost
  2773 | D:3      | Reached XP level 6. HP: 32/32 MP: 11/16
  2819 | D:3      | Killed Xerdoz's ghost
  2819 | D:3      | Reached skill level 6 in Spellcasting
  2899 | D:3      | Learned a level 5 spell: Lee's Rapid Deconstruction
  3129 | D:4      | Reached XP level 7. HP: 36/36 MP: 15/18
  3141 | D:4      | Found Ypnudgh's Armour Boutique.
  3315 | D:4      | Reached skill level 7 in Spellcasting
  3807 | D:4      | Found a basalt altar of Yredelemnul.
  3807 | D:4      | Found a blossoming altar of Fedhas.
  3812 | D:4      | Found a shadowy altar of Dithmenos.
  3814 | D:4      | Found a snail-covered altar of Cheibriados.
  3816 | D:4      | Found a shattered altar of Ashenzari.
  4302 | D:5      | Entered Level 5 of the Dungeon
  4302 | D:5      | Found a staircase to the Ecumenical Temple.
  4311 | Temple   | Entered the Ecumenical Temple
  4521 | D:5      | Reached XP level 8. HP: 41/41 MP: 19/21
  4968 | D:5      | Reached skill level 8 in Spellcasting
  5515 | D:5      | Reached skill level 10 in Earth Magic
  5732 | D:5      | Found a glowing golden altar of the Shining One.
  6096 | D:6      | Reached skill level 9 in Spellcasting
  6379 | D:6      | Reached XP level 9. HP: 45/45 MP: 7/24
  7208 | D:7      | Found Yclos's Serpentskin Sales.
  7340 | D:7      | Found an iron altar of Okawaru.
  7400 | D:7      | Found a hazy altar of Hepliaklqana.
  7402 | D:7      | Found a radiant altar of Vehumet.
  7407 | D:7      | Became a worshipper of Vehumet
  7441 | D:7      | Found Itijuad's Magic Scroll Shoppe.
  7488 | D:7      | Gained mutation: Your flesh is heat resistant. (rF+)
                  | [potion of mutation]
  7488 | D:7      | Gained mutation: You are resistant to hostile enchantments.
                  | (MR+) [potion of mutation]
  7530 | D:7      | Reached skill level 10 in Spellcasting
  7580 | D:7      | Found a shimmering blue altar of Sif Muna.
  8045 | D:8      | Found a sand-covered staircase.
  8054 | Ossuary  | Entered an ossuary
  8121 | Ossuary  | Reached * piety under Vehumet
  8121 | Ossuary  | Offered knowledge of Flame Tongue by Vehumet.
  8501 | Ossuary  | Reached skill level 11 in Spellcasting
  8701 | Ossuary  | Reached XP level 10. HP: 48/50 MP: 14/27
  8810 | Ossuary  | Got a brightly glowing war axe
  8925 | Ossuary  | Identified the +3 war axe of Fundamental Breach {speed,
                  | +Inv rElec Str+2 Int-2} (You found it in an ossuary)
  8960 | D:8      | Reached ** piety under Vehumet
  8960 | D:8      | Offered knowledge of Searing Ray by Vehumet.
  9140 | D:8      | Found an ornate altar of the Wu Jian Council.
  9631 | D:9      | Offered knowledge of Conjure Flame by Vehumet.
  9632 | D:9      | Reached skill level 12 in Spellcasting
  9722 | D:9      | Noticed Psyche
  9735 | D:9      | Killed Psyche
  9986 | D:9      | Noticed a two-headed ogre
  9992 | D:9      | Killed a two-headed ogre
 10343 | D:10     | Entered Level 10 of the Dungeon
 10343 | D:10     | Found a transporter.
 10358 | D:10     | Reached *** piety under Vehumet
 10413 | D:10     | Found a portal to a secret trove of treasure.
 10447 | D:10     | Found a flagged portal.
 10456 | Bailey   | Entered a bailey
 10696 | Bailey   | Offered knowledge of Sticky Flame by Vehumet.
 11141 | D:10     | Noticed a gargoyle
 11143 | D:10     | Killed a gargoyle
 11143 | D:10     | Reached skill level 1 in Fighting
 11165 | D:10     | Reached XP level 11. HP: 56/56 MP: 29/29
 11188 | D:10     | Noticed a skeletal warrior
 11251 | D:10     | Reached skill level 13 in Spellcasting
 11716 | D:10     | Found a transporter.
 11723 | D:10     | Noticed Thargor's ghost (journeyman GnFE)
 11768 | D:10     | Found Huneqe's Distillery.
 11923 | D:10     | Reached **** piety under Vehumet
 12208 | D:10     | Offered knowledge of Olgreb's Toxic Radiance by Vehumet.
 12209 | D:10     | Killed a skeletal warrior
 12217 | D:10     | Killed Thargor's ghost
 12217 | D:10     | Reached skill level 5 in Dodging
 12470 | D:7      | Bought the Almanac of Envenoming for 742 gold pieces
 12475 | D:7      | Learned a level 4 spell: Olgreb's Toxic Radiance
 12479 | D:7      | Learned a level 3 spell: Ignite Poison
 12593 | D:11     | Reached skill level 1 in Poison Magic
 12600 | D:11     | Found a staircase to the Orcish Mines.
 12931 | D:11     | Found a staircase to the Lair.
 12973 | D:11     | Reached skill level 5 in Fighting
 13456 | D:11     | Reached ***** piety under Vehumet
 13456 | D:11     | Offered knowledge of Bolt of Fire by Vehumet.
 13765 | Lair:1   | Entered Level 1 of the Lair of Beasts
 13833 | Lair:1   | Noticed an eight-headed hydra
 13839 | Lair:1   | Killed an eight-headed hydra
 13839 | Lair:1   | Reached XP level 12. HP: 70/70 MP: 31/31
 13938 | Lair:1   | Got a scorched leather armour
 14584 | Lair:1   | Identified the +2 leather armour of Kocour {*Drain rN++
                  | Stlth+} (You found it on level 1 of the Lair of Beasts)
 14600 | Lair:2   | Noticed Fannar
 14827 | Lair:2   | Killed Fannar
 14827 | Lair:2   | Reached skill level 1 in Armour
 15184 | Lair:2   | Noticed Gastronok
 15197 | Lair:2   | Killed Gastronok
 15197 | Lair:2   | Reached skill level 5 in Poison Magic
 15796 | Lair:2   | Noticed Sonja
 15801 | Lair:2   | Killed Sonja
 15918 | Lair:2   | Noticed Prince Ribbit
 15922 | Lair:2   | Killed Prince Ribbit
 16330 | Lair:3   | Reached skill level 5 in Armour
 17034 | Lair:4   | Noticed a five-headed hydra
 17037 | Lair:4   | Killed a five-headed hydra
 17037 | Lair:4   | Reached XP level 13. HP: 75/75 MP: 29/32
 17149 | Lair:4   | Found a staircase to the Snake Pit.
 17302 | Lair:4   | Found a staircase to the Swamp.
 17436 | Lair:4   | Reached skill level 10 in Dodging
 18805 | Lair:5   | Reached skill level 10 in Poison Magic
 18805 | Lair:5   | Reached XP level 14. HP: 80/80 MP: 33/33
 18818 | Lair:6   | Entered Level 6 of the Lair of Beasts
 18822 | Lair:6   | Offered knowledge of Iskenderun's Mystic Blast by Vehumet.
 18822 | Lair:6   | Reached skill level 1 in Fire Magic
 18910 | Lair:6   | Got a pitted helmet
 18921 | Lair:6   | Identified the +0 helmet "Zualoi" {rPois Regen+} (You found
                  | it on level 6 of the Lair of Beasts)
 19155 | Lair:6   | Got a vibrating golden ring
 19510 | Lair:6   | Reached skill level 14 in Spellcasting
 19646 | Lair:6   | Found a viscous altar of Jiyva.
 19647 | Lair:6   | Found a staircase to the Slime Pits.
 20828 | Orc:1    | Entered Level 1 of the Orcish Mines
 21070 | Orc:2    | Entered Level 2 of the Orcish Mines
 21162 | Orc:2    | Found a staircase to the Elven Halls.
 21411 | Orc:2    | Reached skill level 5 in Fire Magic
 21418 | Orc:2    | Noticed Azrael
 21422 | Orc:2    | Killed Azrael
 21690 | Orc:2    | Found a roughly hewn altar of Beogh.
 21703 | Orc:2    | Found Zavuggusm's Gadget Shoppe.
 21704 | Orc:2    | Offered knowledge of Lightning Bolt by Vehumet.
 21706 | Orc:2    | Reached XP level 15. HP: 84/84 MP: 35/35
 21708 | Orc:2    | Reached skill level 15 in Spellcasting
 21908 | Orc:2    | Found Kaoh's Book Boutique.
 21949 | Orc:2    | Noticed Saint Roka
 22307 | Orc:2    | Killed Saint Roka
 22747 | Orc:2    | Noticed Josephine
 22761 | Orc:2    | Killed Josephine
 22857 | Orc:2    | Offered knowledge of Ozocubu's Refrigeration by Vehumet.
 22870 | Orc:2    | Learned a level 6 spell: Iron Shot
 23013 | Orc:2    | Reached skill level 1 in Conjurations
 23255 | Orc:2    | Found Evaemid's Book Boutique.
 23255 | Orc:2    | Found Muutol's Jewellery Shoppe.
 23504 | Orc:2    | Identified the ring of the Special Stories {Fire rPois
                  | Int+2 Dex+3} (You found it on level 6 of the Lair of
                  | Beasts)
 23552 | Orc:2    | Bought the amulet "Evejat" {Inacc rC++ Int+3} for 382 gold
                  | pieces
 23699 | Elf:1    | Entered Level 1 of the Elven Halls
 23815 | Elf:1    | HP: 2/85 [battlesphere[a deep elf mage] (11)]
 24133 | D:12     | Reached skill level 16 in Spellcasting
 24225 | D:12     | Noticed Rupert
 24369 | D:12     | Found a stormy altar of Qazlal.
 24398 | D:12     | Killed Rupert
 25071 | D:12     | Noticed Kirke
 25073 | D:12     | Killed Kirke
 25184 | D:13     | Reached skill level 5 in Conjurations
 25313 | D:13     | Reached ****** piety under Vehumet
 25313 | D:13     | Offered knowledge of Conjure Ball Lightning by Vehumet.
 25773 | D:13     | Found a snail-covered altar of Cheibriados.
 25831 | D:13     | Found a gate to the Vaults.
 26377 | D:14     | Reached skill level 17 in Spellcasting
 27069 | D:15     | Entered Level 15 of the Dungeon
 27076 | D:15     | Reached XP level 16. HP: 90/90 MP: 25/39
 28954 | D:15     | Found a staircase to the Depths.
 29110 | D:15     | Learned a level 5 spell: Alistair's Intoxication
 29485 | Elf:1    | Offered knowledge of Bolt of Cold by Vehumet.
 29581 | Elf:1    | Reached skill level 18 in Spellcasting
 29608 | Elf:1    | Found an ancient bone altar of Kikubaaqudgha.
 31004 | Elf:2    | Found a runed translucent gate.
 31004 | Elf:2    | Found a runed translucent gate.
 31004 | Elf:2    | Found a runed translucent gate.
 31116 | Elf:2    | Reached skill level 15 in Earth Magic
 31316 | Elf:2    | HP: 1/94 [deep elf knight/shard of ice (38)]
 31326 | Elf:2    | Killed from afar by a deep elf knight

Levels and vault maps discovered:
D:1:      minmay_arrival_up_and_down, layout_rooms
D:2:      layout_loops_cross
D:3:      layout_rooms, gammafunk_ghost_cemetery, uniq_terence
D:4:      layout_basic, chequers_temple_overflow_minitemple, first_ration,
          serial_shops, shop, fountainhead
D:5:      kennysheep_slugbush, layout_cave_pools, minmay_temple_entry_mist,
          serial_park, serial_park_gazebo [serial_park_minivault_5x5_8],
          nicolae_tso_swordbearing_angel
D:6:      layout_basic
D:7:      minmay_clustersquares, layout_loops_ring, overflow_temple_1_default,
          grunt_temple_overflow_open, serial_shops, shop_statue,
          guppyfry_shop_venom
D:8:      layout_basic, lemuel_doored_altar, enter_ossuary_4
D:9:      layout_basic, uniq_psyche
D:10:     layout_irregular_city, gammafunk_ghost_mausoleum, serial_shops,
          nicolae_shop_behind_doors, enter_trove_6, enter_bailey_2,
          grunt_livestock, minmay_ruffians
D:11:     layout_basic, due_lair_maze_entry_diamond, david_orc_3
D:12:     layout_basic, grunt_qazlal_sundering, uniq_kirke, uniq_rupert
D:13:     minmay_goldmine, layout_rooms, skrybe_vaults_entry_preservation,
          lemuel_statue_altar
D:14:     layout_long_grid, nrook_uturn, serial_rivers,
          chequers_serial_rivers_small_b, chequers_serial_rivers_micro_a,
          chequers_serial_rivers_room_b, chequers_serial_rivers_micro_c,
          chequers_serial_rivers_room_b, chequers_serial_rivers_room_a,
          minmay_tree_intersection, minmay_door_square
D:15:     grunt_enter_depths_hoard, layout_basic, minivault_10
Temple:   hc_temple_tempest_star
Lair:1:   layout_cave_pods, grunt_megastairs_2, lemuel_fruit_tree
Lair:2:   layout_regular_city, st_stairs_13, serial_bayou_shore_a,
          serial_bayou_shore_b, serial_bayou_shore_b, uniq_gastronok,
          uniq_fannar, uniq_prince_ribbit2, uniq_sonja
Lair:3:   layout_cave_shapes
Lair:4:   layout_cave_pods, minmay_swamp_entry_worms, dummy_snake_entry
Lair:5:   layout_regular_city
Lair:6:   due_jungle_book, layout_long_grid, dpeg_slime_entry_enclosed_altar,
          kilobyte_rumbling_trees
Orc:1:    layout_caves, serial_shops, nicolae_shop_stone, bloody_trog
Orc:2:    st_orc_town, layout_caves, minmay_orc_keep, uniq_azrael,
          uniq_saint_roka, uniq_josephine
Elf:1:    layout_gridlike, basic_altar, minmay_elf_crystal_hexagon, minivault_4,
          minivault_11, minivault_28
Elf:2:    layout_geoelf_grid

Skill      XL: |  1  2  3  4  5  6  7  8  9 10 11 12 13 14 15 16 |
---------------+-------------------------------------------------+-----
Earth Magic    | 4 6 7 9 10 12 14 15 | 15.0
Spellcasting   | 4 5 6 7 9 11 12 13 14 17 18 | 18.4
Fighting       | 1 6 8 |  8.7
Dodging        | 6 9 11 12 | 12.2
Poison Magic   | 3 7 10 11 12 | 12.1
Armour         | 5 6 |  6.5
Fire Magic     | 5 7 |  7.3
Transmutations | 4 |  4.1
Conjurations   | 6 9 |  9.7
Stealth        | |  2.4

Action                   |  1- 3 |  4- 6 |  7- 9 | 10-12 | 13-15 | 16-18 || total
-------------------------+-------+-------+-------+-------+-------+-------++-------
Melee: Dagger            |    46 |       |     7 |     3 |    47 |       ||   103
       Unarmed           |     1 |       |       |       |       |       ||     1
 Cast: Sandblast         |    35 |    28 |   123 |   110 |   111 |     2 ||   409
       Stone Arrow       |     6 |    12 |    49 |   152 |   192 |    43 ||   454
       Lee's Rapid Decon |       |       |    18 |    38 |    72 |    75 ||   203
       Ignite Poison     |       |       |       |    20 |    79 |     3 ||   102
       Olgreb's Toxic Ra |       |       |       |    10 |    48 |     2 ||    60
       Petrify           |       |       |       |     1 |     2 |       ||     3
       Iron Shot         |       |       |       |       |     7 |    35 ||    42
       Alistair's Intoxi |       |       |       |       |       |     1 ||     1
  Use: Scroll            |     2 |     6 |     9 |    15 |     5 |     4 ||    41
       Potion            |     1 |       |     1 |       |     5 |     4 ||    11
 Stab: Sleeping          |     5 |       |     6 |     2 |       |       ||    13
  Eat: Chunk             |     1 |     4 |    10 |    24 |    17 |     3 ||    59
       Ration            |       |     1 |     3 |     1 |     4 |     3 ||    12
Armor: Robe              |    28 |     4 |     5 |    27 |       |       ||    64
       Leather armour    |       |       |       |     2 |    24 |    27 ||    53
Dodge: Dodged            |    73 |    10 |    19 |    81 |    88 |    94 ||   365
